 Dungeon Crawl Stone Soup version 0.32-a0-673-g3729bd50f8 (webtiles) character file.

Game seed: 4570107707389257823

123 ytrimaz the Magician (level 5, -2/35 HPs)
             Began as a Djinni Summoner on Mar 10, 2024.
             Slain by an iguana (11 damage)
             ... on level 4 of the Dungeon.
             The game lasted 00:02:45 (1382 turns).

ytrimaz the Magician (Djinni Summoner)              Turns: 1382, Time: 00:02:46

Health: -2/35      AC:  6    Str:  7    XL:     5   Next: 28%
Gold:   119        EV:  2    Int: 19    God:
                   SH:  0    Dex: 13

rFire   + + .        (no weapon)
rCold   x . .        (no shield)
rNeg    . . .        c - +3 leather armour rPois โˆž
                     (no helmet)
rElec   .            (no cloak)
rCorr   .            (no gloves)
SInv    .            (boots unavailable)
Will    .....        (no amulet)
Stlth   ++           (no ring)
HPRegen 0.25/turn    (no ring)
MPRegen 0.00/turn

%: infuse magic (-3 HP)
@: flying, constricted, inugami summoned
A: sickness immunity, fire resistance 2, cold vulnerability 1, float, innate
caster, HP casting, extra vitality 1
a: no special abilities


You were on level 4 of the Dungeon.
You visited 1 branch of the dungeon, and saw 4 of its levels.

You collected 119 gold pieces.


Innate Abilities, Weirdness & Mutations

You are immune to sickness and miasma.
You are immune to poison.
Your flesh is very heat resistant. (rF++)
You are vulnerable to cold. (rC-)
You float through the air rather than walking.
You learn spells naturally, not from books.
Your magical power is your life essence.
You have superior vitality. (+4 MHP)


   Skills:
 + Level 4.2 Dodging
 - Level 1.5 Stealth
 + Level 4.3 Spellcasting
 + Level 4.3 Conjurations
 + Level 4.3 Hexes
 + Level 4.3 Summonings
 + Level 4.3 Necromancy
 + Level 4.3 Translocations
 + Level 4.3 Fire Magic
 + Level 4.3 Ice Magic
 + Level 4.3 Air Magic
 + Level 4.3 Earth Magic
 + Level 4.3 Alchemy


You knew the following spells:

 Your Spells              Type           Power      Damage    Failure   Level
a - Summon Small Mammal   Summ           80%        N/A       3%          1
b - Call Imp              Summ           40%        N/A       4%          2
c - Call Canine Familiar  Summ           20%        N/A       10%         3
d - Summon Blazeheart Go  Fire/Summ      20%        N/A       32%         4
e - Summon Lightning Spi  Summ/Air       20%        N/A       32%         4
f - Slow                  Hex            80%        N/A       3%          1
g - Scorch                Fire           40%        2d6       4%          2
Your spell library was empty.

Inventory:

Armour
 c - a +3 leather armour (worn)
   (You found it on level 4 of the Dungeon)
Jewellery
 a - a ring of fire
   (You found it on level 4 of the Dungeon)
Scrolls
 b - a scroll of enchant armour {unknown}
Potions
 e - 2 potions of mutation
 f - a potion of brilliance {unknown}
 g - 2 potions of curing {unknown}

Dungeon Overview and Level Annotations

Branches:
Dungeon (4/15) Zot: 22616
 Temple: D:4-7

Altars:

Shops:
D:3

[ ........######
#.##.#####.#.....
........[....#
#.#..ยง[....#...###
#######..###.###.#..#######...#
#......#...#..# ....#
#.###......#..# .# #.#
##.##..#..##.. #.# #.###.#....
+.# #.#.#...## ## ###...#@..##
#....5Sll..# #.....h.J[.#
..........#..# .....$.....##.#
.....###+#.. ... ..... .... ...
..### ####...#


You could see 2 iguanas, an endoplasm, a ball python (ally target), a friendly
cerulean imp (summoned) and a friendly inugami (summoned).


Message History

A hobgoblin is nearby!
Found a stone staircase leading down.
The hobgoblin shouts!
The hobgoblin misses your inugami.
Your inugami barely misses the hobgoblin.
Your inugami hits the hobgoblin but does no damage.
The hobgoblin misses your inugami.
Your inugami hits the hobgoblin!
The hobgoblin dies!
You swap places.
You see here a +0 leather armour.
An adder comes into view.
The adder moves out of view.
Your inugami disappears in a puff of smoke!
Found a stone staircase leading up.
Unknown command.
An adder is nearby!
An adder is nearby!
An iguana and a ball python come into view.
The iguana hisses angrily.
Unknown command.
Your quokka disappears in a puff of smoke!
The adder barely misses you.
The adder closely misses you. ๐Ÿ˜• HP[-1]
You take 1 damage, and now have 34/35 hp.
Unknown command.
The adder bites you but does no damage.
Your rat bites the iguana but does no damage. ๐Ÿ˜• HP[-1]
You take 1 damage, and now have 33/35 hp.
Casting: Summon Small Mammal (safe; 3% risk of failure)
Confirm with . or Enter, or press ? or * to list all spells.
You call for your canine familiar and it appears with a howl!
The adder bites you. The iguana bites you!
* * * LOW HITPOINT WARNING * * *
An endoplasm comes into view.
An iguana comes into view.
Your rat bites the iguana. ๐Ÿ˜จ HP[-18]
You take 18 damage, and now have 15/35 hp.
MASSIVE DAMAGE!! (PAUSE) Unknown command.
Casting: Call Canine Familiar (quite dangerous; 10% risk of failure)
Confirm with . or Enter, or press ? or * to list all spells.
A tiny devil pulls itself out of the air.
* * * LOW HITPOINT WARNING * * *
The adder bites you but does no damage. The ball python closely misses you. x2
The adder bites you.
* * * LOW HITPOINT WARNING * * *
Your inugami barely misses the adder.
Your rat bites the iguana but does no damage.
The iguana closely misses you. ๐Ÿ˜จ HP[-3]
You take 3 damage, and now have 12/35 hp.
Unknown command.
Casting: Call Imp (safe; 4% risk of failure)
Confirm with . or Enter, or press ? or * to list all spells.
Okay, then.
Unknown command.
Your quokka bites the adder.
The adder misses your quokka. The ball python bites you.
* * * LOW HITPOINT WARNING * * *
The ball python closely misses you.
Your inugami completely misses the adder.
The iguana bites your rat!
Your rat dies!
Your rat's corpse disappears in a puff of smoke!
The iguana barely misses your quokka.
There is a stone staircase leading up here. ๐Ÿ˜จ HP[-3]
You take 3 damage, and now have 9/35 hp.
Unknown command.
You barely miss the ball python.
Your quokka bites the adder.
The adder bites your quokka.
Your quokka is poisoned.
The adder poisons your quokka! The ball python misses you.
The ball python barely misses you.
Your cerulean imp completely misses the adder.
The iguana barely misses your quokka.
Your inugami hits the adder.
Unknown command.
You hit the ball python but do no damage.
The adder bites your quokka.
Your quokka bites the adder.
The adder dies!
The ball python bites you but does no damage.
The ball python grabs you. The ball python constricts you.
Your cerulean imp misses the ball python.
The endoplasm closely misses your quokka.
Your quokka barely misses the ball python.
The iguana closely misses your quokka.
Unknown command.
The ball python's grasp on you weakens, but your attempt to escape fails.
The ball python bites you but does no damage.
The ball python constricts you.
* * * LOW HITPOINT WARNING * * *
Your cerulean imp barely misses the ball python.
Your quokka misses the ball python. The endoplasm hits your quokka.
Your quokka dies!
Your quokka's corpse disappears in a puff of smoke!
Your inugami hits the ball python. The iguana bites you!
You die...

Skill      XL: |  1  2  3  4 |
---------------+-------------+-----
Dodging        | 3 4 |  4.2
Spellcasting   | 4 |  4.3
Conjurations   | 4 |  4.3
Hexes          | 4 |  4.3
Summonings     | 4 |  4.3
Necromancy     | 4 |  4.3
Translocations | 4 |  4.3
Fire Magic     | 4 |  4.3
Ice Magic      | 4 |  4.3
Air Magic      | 4 |  4.3
Earth Magic    | 4 |  4.3
Alchemy        | 4 |  4.3
Stealth        | |  1.5

Action                     |  1- 3 |  4- 6 || total
---------------------------+-------+-------++-------
  Melee: Unarmed           |    27 |     5 ||    32
   Cast: Summon Small Mamm |    30 |     7 ||    37
         Call Imp          |     7 |     2 ||     9
         Call Canine Famil |     2 |     3 ||     5
    Use: Scroll            |     3 |       ||     3
 Armour: Robe              |    26 |     2 ||    28
         Leather armour    |       |    11 ||    11
  Dodge: Dodged            |    52 |    11 ||    63

Levels and vault maps discovered:
D:1:      lemuel_arrival_behind_the_door_small, layout_rooms
D:2:      layout_rooms, basic_altar, basic_ecumenical_altar
D:3:      minmay_door_path, layout_loops_cross, amcnicky_altar_gilded,
          serial_shops, nicolae_shop_hallway_stairs
D:4:      layout_basic

Notes
Turn   | Place    | Note
-------+----------+-------------------------------------------
     0 | D:1      | ytrimaz the Djinni Summoner began the quest for the Orb.
     0 | D:1      | ytrimaz set off with the following spells memorised: Summon
                  | Small Mammal, Call Imp, Call Canine Familiar, Summon
                  | Blazeheart Golem, Summon Lightning Spire.
     0 | D:1      | Reached XP level 1. HP: 15/15 MP: 0/0
     0 | D:1      | magus.rc [v1.9.6]
   260 | D:1      | Reached XP level 2. HP: 7/21 MP: 0/0
   471 | D:2      | Found a faded altar of an unknown god.
   630 | D:2      | Reached skill level 3 in Dodging
   630 | D:2      | Reached XP level 3. HP: 9/25 MP: 0/0
   630 | D:2      | Learned a level 1 spell: Slow
   630 | D:2      | HP: 6/25 [dart slug (1)]
   989 | D:2      | Reached skill level 4 in Spellcasting
   989 | D:2      | Reached skill level 4 in Conjurations
   989 | D:2      | Reached skill level 4 in Hexes
   989 | D:2      | Reached skill level 4 in Summonings
   989 | D:2      | Reached skill level 4 in Necromancy
   989 | D:2      | Reached skill level 4 in Translocations
   989 | D:2      | Reached skill level 4 in Fire Magic
   989 | D:2      | Reached skill level 4 in Ice Magic
   989 | D:2      | Reached skill level 4 in Air Magic
   989 | D:2      | Reached skill level 4 in Earth Magic
   989 | D:2      | Reached skill level 4 in Alchemy
  1135 | D:3      | Reached XP level 4. HP: 26/31 MP: 0/0
  1176 | D:3      | Found Nushev's Armour Shoppe.
  1255 | D:4      | Noticed a scorpion
  1264 | D:4      | Killed a scorpion
  1265 | D:4      | Reached skill level 4 in Dodging
  1265 | D:4      | Reached XP level 5. HP: 25/35 MP: 0/0
  1265 | D:4      | Learned a level 2 spell: Scorch
  1382 | D:4      | Slain by an iguana

Vanquished Creatures
  A giant cockroach (D:2)
  A kobold (D:2)
  A rat (D:1)
3 creatures vanquished.

Vanquished Creatures (collateral kills)
  A scorpion (D:4)
  3 adders
  A dart slug (D:2)
  3 endoplasms
  A giant cockroach (D:2)
  4 goblins
  A hobgoblin (D:4)
  3 quokkas
  4 ball pythons
  2 bats (D:2)
  5 frilled lizards
  6 kobolds
  2 rats
36 creatures vanquished.

Grand Total: 39 creatures vanquished

Table legend:
 A = Non-vault XP
 B = Vault XP
 C = Vault XP percentage of total XP
 D = Non-vault monster count
 E = Vault monster count
 F = Vault count percentage of total count
                 A         B        C        D         E       F
            +---------+---------+-------+---------+---------+-------
      Total |     176 |       0 |   0.0 |      39 |       0 |   0.0
            +---------+---------+-------+---------+---------+-------
        D:1 |      13 |       0 |   0.0 |       9 |       0 |   0.0
        D:2 |      50 |       0 |   0.0 |      25 |       0 |   0.0
        D:3 |      13 |       0 |   0.0 |       1 |       0 |   0.0
        D:4 |     100 |       0 |   0.0 |       4 |       0 |   0.0
            +---------+---------+-------+---------+---------+-------

Skill      XL: |  1  2  3  4 |
---------------+-------------+-----
Dodging        | 3 4 |  4.2
Spellcasting   | 4 |  4.3
Conjurations   | 4 |  4.3
Hexes          | 4 |  4.3
Summonings     | 4 |  4.3
Necromancy     | 4 |  4.3
Translocations | 4 |  4.3
Fire Magic     | 4 |  4.3
Ice Magic      | 4 |  4.3
Air Magic      | 4 |  4.3
Earth Magic    | 4 |  4.3
Alchemy        | 4 |  4.3
Stealth        | |  1.5

Action                     |  1- 3 |  4- 6 || total
---------------------------+-------+-------++-------
  Melee: Unarmed           |    27 |     5 ||    32
   Cast: Summon Small Mamm |    30 |     7 ||    37
         Call Imp          |     7 |     2 ||     9
         Call Canine Famil |     2 |     3 ||     5
    Use: Scroll            |     3 |       ||     3
 Armour: Robe              |    26 |     2 ||    28
         Leather armour    |       |    11 ||    11
  Dodge: Dodged            |    52 |    11 ||    63

Illustrated notes

Table legend:
 A = Kills in this place as a percentage of kills in the entire game.
 B = Kills by you in this place as a percentage of kills by you in the entire game.
 C = Kills by friends in this place as a percentage of kills by friends in the entire game.
 D = Other kills in this place as a percentage of other kills in the entire game.
 E = Experience gained in this place as a percentage of experience gained in the entire game.
 F = Experience gained in this place divided by the number of levels of this place that you have seen.
                   A       B       C       D       E      F
               +-------+-------+-------+-------+-------+----------------------
         Total | 100.0 | 100.0 | 100.0 |   N/A | 100.0 |  44.0
       Dungeon | 100.0 | 100.0 | 100.0 |   N/A | 100.0 |  44.0
               +-------+-------+-------+-------+-------+----------------------

Table legend: (Time is in decaauts)
 A = Elapsed time spent in this place.
 B = Non-inter-level travel time spent in this place.
 C = Inter-level travel time spent in this place.
 D = Time resting spent in this place.
 E = Time spent auto-exploring this place.
 F = Levels seen in this place.
 G = Mean time per level.
                   A        B        C        D        E       F      G
               +--------+--------+--------+--------+--------+-----+--------+
         Total |   1382 |   1284 |     98 |      0 |    942 |   4 |  345.5 |
       Dungeon |   1382 |   1284 |     98 |      0 |    942 |   4 |  345.5 |
               +--------+--------+--------+--------+--------+-----+--------+

Top non-repeatable levels by time:
     D:2: 678 daAuts
     D:1: 471 daAuts
     D:4: 126 daAuts
     D:3: 106 daAuts
